 Dungeon Crawl Stone Soup version 0.25.0-37-gb73750e0fb (webtiles) character file.

Game seed: 592897146172343874

49 xccam the Sneak (level 3, -1/24 HPs)
             Began as an Octopode Assassin on July 8, 2020.
             Slain by an adder (3 damage)
             ... on level 2 of the Dungeon.
             The game lasted 00:01:26 (1448 turns).

xccam the Sneak (Octopode Assassin)                 Turns: 1448, Time: 00:01:28

Health: -1/24      AC:  1    Str: 10    XL:     3   Next: 75%
Magic:  3/3        EV: 13    Int: 13    God:
Gold:   47         SH:  0    Dex: 14    Spells: 2/2 levels left

rFire    . . .     SeeInvis .   h - +0 dagger (venom)
rCold    . . .     Gourm    .   (no shield)
rNeg     . . .     Faith    .   (helmet restricted)
rPois    .         Spirit   .   (no amulet)
rElec    .         Reflect  .   (no ring)
rCorr    .         Harm     .   (no ring)
MR       .....                  (no ring)
Stlth    ++++......             (no ring)
HPRegen  0.08/turn              (no ring)
MPRegen  0.08/turn              (no ring)
                                (no ring)
                                (no ring)

@: lethally poisoned (-1 -> -10), stab
A: almost no armour, stealthy swim, amphibious, 8 rings, constrict 8, camouflage
1, gelatinous body 1
a: no special abilities


You were on level 2 of the Dungeon.
You were not hungry.

You visited 1 branch of the dungeon, and saw 2 of its levels.

You collected 47 gold pieces.

Inventory:

Hand Weapons
 a - a +2 dagger
 h - a +0 dagger of venom (weapon)
Missiles
 b - 8 poisoned darts (quivered)
 c - 2 curare-tipped darts
Scrolls
 f - a scroll of enchant armour {unknown}
 k - a scroll of remove curse {unknown}
 l - 3 scrolls of identify {unknown}
 n - a scroll of magic mapping {unknown}
Potions
 i - a potion of heal wounds {unknown}
 j - a potion of might {unknown}
 m - a potion of flight {unknown}
 o - a potion of magic {unknown}
Comestibles
 d - 3 rations
 g - a chunk of flesh


   Skills:
 - Level 2.0 Fighting
 + Level 4.0 Short Blades
 - Level 2.0 Throwing
 - Level 1.0 Dodging
 - Level 5.3 Stealth


You had 2 spell levels left.
You didn't know any spells.
Your spell library was empty.

Dungeon Overview and Level Annotations

Branches:
Dungeon (2/15)

Altars:


Innate Abilities, Weirdness & Mutations

You cannot wear most types of armour.
You are very stealthy in the water. (Stealth+)
You are amphibious.
You can wear up to eight rings at the same time.
You can use your tentacles to constrict eight enemies at once.
Your skin changes colour to match your surroundings (Stealth+).
Your rubbery body absorbs attacks. (AC +1, EV +1)


Message History

The ball python constricts you. The adder misses you.
You hit the ball python.
You kill the ball python!
The adder bites you.
You are lethally poisoned!
The adder poisons you!
You are too injured to fight recklessly!
You are too injured to fight recklessly!
You barely miss the adder. Your grab misses the adder.
You squeeze the adder, but do no damage.
The adder is lightly wounded.
* * * LOW HITPOINT WARNING * * *
You feel sick. The adder misses you. The hobgoblin closely misses you.
It was a potion of stabbing.
You feel ready to backstab.
* * * LOW HITPOINT WARNING * * *
You feel sick. The adder bites you.
* * * LOW HITPOINT WARNING * * *
The adder bites you.
You die...

......#.# 8..8##.# .
#..##..# .. ###......#
... #..รท.(...## ....
#.#....#.## .....
#.##.### #
......########.##.# #
#...S@.......##.# #
#...g........##.# #
##...........##.###.##
#..................##
######......##.######
#########.#.....
#.#.###. #.#.....
#.#.###.


You could see an adder and a hobgoblin.

Vanquished Creatures
  An ooze (D:1)
  A worm (D:2)
  A dart slug (D:1)
  2 leopard geckos (D:1)
  2 bats
  4 giant cockroaches
  7 goblins
  2 hobgoblins (D:1)
  A ball python (D:2)
  6 kobolds (D:1)
  9 rats
36 creatures vanquished.

Notes
Turn   | Place    | Note
-------+----------+-------------------------------------------
     0 | D:1      | xccam the Octopode Assassin began the quest for the Orb.
     0 | D:1      | Reached XP level 1. HP: 14/14 MP: 1/1
   294 | D:1      | Reached XP level 2. HP: 15/19 MP: 2/2
   641 | D:1      | Reached XP level 3. HP: 24/24 MP: 3/3
   940 | D:1      | You fall into a shaft and drop 1 floor!
  1448 | D:2      | Slain by an adder

Illustrated notes

Levels and vault maps discovered:
D:1:      mrwooster_arrival_statue, layout_basic
D:2:      layout_basic, minitemple

Skill      XL: |  1  2  3 |
---------------+----------+-----
Short Blades   | 3 4 |  4.0
Fighting       | |  2.0
Throwing       | |  2.0
Dodging        | |  1.0
Stealth        | |  5.3

Action                   || total
-------------------------++-------
Melee: Dagger            ||    69
       Tentacles         ||     9
       Constrict         ||    16
  Use: Potion            ||     1
 Stab: Sleeping          ||    13
  Eat: Chunk             ||     2
Armor: Skin              ||     6
Dodge: Dodged            ||    30
